[Event "Late-Titled-Tuesday-Blitz-August-29-2023"]
[Site "Chess.com"]
[Date "2023.08.29"]
[Round "3"]
[White "ahkashefi2800"]
[Black "Levanzovsky"]
[Result "1-0"]
[WhiteElo "2567"]
[BlackElo "2396"]
[TimeControl "180+1"]
[EndTime "14:26:06 PDT"]
[Termination "ahkashefi2800 won on time"]

1. d3 Nf6 2. Nf3 g6 3. g3 Bg7 4. Bg2 O-O 5. O-O c5 6. Nc3 Nc6 7.
e4 d6 8. Bg5 Rb8 9. Qd2 b5 10.
Bh6 b4 11. Ne2 a5 12. Bxg7 Kxg7 13. h4 a4 14. Rae1 b3 15. axb3 axb3 16. c3 Ba6 17.
Nc1 Nd7 18. h5 Nde5 19. Nxe5 dxe5 20. Re3 Qd6 21. Bf3 c4 22. Be2 Rfd8 23. Rd1 cxd3 24. Bxd3 Na5 25. Qe2 Nc4 26. Rf3 Qc5 27. Kg2 Rb6 28.
Rh1 g5 29. h6+ Rxh6 30. Rxf7+ Kxf7 31. Rxh6 Kg7 32. Rxa6 Nxb2 33. Qxb2 Qxc3 34. Qxc3 1-0

[Event "Late-Titled-Tuesday-Blitz-August-29-2023"]
[Site "Chess.com"]
[Date "2023.08.29"]
[Round "3"]
[White "Laico"]
[Black "Meri-Arabidze"]
[Result "0-1"]
[WhiteElo "2427"]
[BlackElo "2604"]
[TimeControl "180+1"]
[EndTime "14:26:07 PDT"]
[Termination "Meri-Arabidze won by checkmate"]

1. e4 c5 2. Nc3 Nc6 3. f4 a6 4. g3 b5 5. Bg2 b4 6. Na4 d6 7. e5 Bb7 8. Nf3 e6 9. exd6 Bxd6 10. b3 Nge7 11. Bb2 O-O 12. O-O Nf5 13. Ne5 Qc7 14.
Nc4 Rad8 15. Nxd6 Qxd6 16. Rf2 Ne3 17. Qf3 Nxg2 18. Qxg2 Rd7 19. Qh3 Nd4 20. c3 Qd5 21. Rg2 Nf3+ 22. Kh1 Nxd2 23. Rg1 Ne4 24. Rf1 Nf2+ 25.
Rxf2 Qd1+ 26. Rf1 Qxf1# 0-1

[Event "Late-Titled-Tuesday-Blitz-August-29-2023"]
[Site "Chess.com"]
[Date "2023.08.29"]
[Round "3"]
[White "JiiHart"]
[Black "vladgoncharov"]
[Result "0-1"]
[WhiteElo "2117"]
[BlackElo "2523"]
[TimeControl "180+1"]
[EndTime "14:26:10 PDT"]
[Termination "vladgoncharov won by resignation"]

1. e4 e6 2. d4 d5 3. Nc3 Bb4 4. e5 c5 5. a3 Bxc3+ 6. bxc3 Qc7 7. Qg4 f5 8. Qh5+ g6 9. Qh3 cxd4 10. cxd4 Qxc2 11. Bd2 Nc6 12. Nf3 Qe4+ 13. Be2 Nxd4 14.
Nxd4 Qxd4 15. Bc3 Qe4 16. f3 Qe3 17. Bd2 Qd4 18. Rd1 Bd7 19. Bb4 Qb6 20. Qh4 a5 21. Bd6 Rc8 22. g4 Rc2 23. gxf5 exf5 24. Rf1 Qe3 25. Qf2 Qc3+ 0-1

[Event "Late-Titled-Tuesday-Blitz-August-29-2023"]
[Site "Chess.com"]
[Date "2023.08.29"]
[Round "3"]
[White "DampFalcon"]
[Black "dosto07"]
[Result "0-1"]
[WhiteElo "2344"]
[BlackElo "2500"]
[TimeControl "180+1"]
[EndTime "14:26:15 PDT"]
[Termination "dosto07 won on time"]

1. e4 e5 2. Nf3 Nc6 3. d4 exd4 4. Nxd4 Nf6 5. Nxc6 bxc6 6. e5 Qe7 7. Qe2 Nd5 8. h4 d6 9. c4 Nb6 10. exd6 Qxe2+ 11. Bxe2 Bxd6 12. Nc3 Be5 13. Be3 Be6 14. c5 Nd5 15. Nxd5 Bxd5 16. O-O-O O-O 17. Rhg1 Rfe8 18. b3 a5 19. Kb1 a4 20. b4 a3 21. Bf3 Bxf3 22.
gxf3 Ra4 23. Bd2 Bd4 24. Rge1 Rb8 25. Re2 Bxc5 26. Kc2 Bd6 27. Rde1 Raa8 28. Re4 h5 29. Rc4 Rb6 30. Ree4 Rab8 31. Bc3 Kh7 32. Kb3 c5 0-1

[Event "Late-Titled-Tuesday-Blitz-August-29-2023"]
[Site "Chess.com"]
[Date "2023.08.29"]
[Round "3"]
[White "artin10862"]
[Black "miraitrunks"]
[Result "1-0"]
[WhiteElo "2833"]
[BlackElo "2030"]
[TimeControl "180+1"]
[EndTime "14:26:20 PDT"]
[Termination "artin10862 won on time"]

1. e4 c5 2. Nf3 Nc6 3. Bb5 d6 4. O-O Nf6 5. Re1 a6 6. Bxc6+ bxc6 7. e5 Nd5 8. Na3 Bg4 9. Nc4 e6 10. b3 Be7 11. Ba3 O-O 12. h3 Bh5 13. exd6 Bxd6 14.
d4 Nc3 15. Qd3 Nb5 16. Bxc5 Bxc5 17. dxc5 Qf6 18. Nfe5 Rfd8 19. Qe3 Nd4 20. Rac1 Rd5 21. Nb6 Rad8 22. Nxd5 Rxd5 23. c4 Rxe5 24. Qxe5 Qg6 25. Qxd4 1-0

[Event "Late-Titled-Tuesday-Blitz-August-29-2023"]
[Site "Chess.com"]
[Date "2023.08.29"]
[Round "3"]
[White "EsmeraldasAnderson03"]
[Black "dorpato"]
[Result "1-0"]
[WhiteElo "2371"]
[BlackElo "2006"]
[TimeControl "180+1"]
[EndTime "14:26:20 PDT"]
[Termination "EsmeraldasAnderson03 won by resignation"]

1. d4 Nf6 2. Nf3 g6 3. Bf4 Bg7 4. h3 d5 5. e3 O-O 6. Be2 c5 7. O-O cxd4 8. exd4 Nc6 9. c3 Bf5 10. Nbd2 Ne4 11. Nxe4 Bxe4 12. Nd2 Bf5 13. Re1 Qd7 14.
Nf3 Rfe8 15. Bf1 Be4 16. Ng5 Bf5 17. g4 h6 18. Nxf7 Kxf7 19. gxf5 Qxf5 20. Qg4 Qxg4+ 21. hxg4 g5 22. Bg3 e6 23. Bg2 Na5 24. Re2 Nc4 25. Rae1 Re7 26. Bxd5 Nb6 27. Bxe6+ Kf6 28. Be5+ Kxe6 29.
Bxg7+ 1-0

[Event "Late-Titled-Tuesday-Blitz-August-29-2023"]
[Site "Chess.com"]
[Date "2023.08.29"]
[Round "3"]
[White "cassoulet"]
[Black "sergoy"]
[Result "0-1"]
[WhiteElo "2727"]
[BlackElo "2964"]
[TimeControl "180+1"]
[EndTime "14:26:23 PDT"]
[Termination "sergoy won by resignation"]

1. d4 Nf6 2. Bg5 Ne4 3. Bh4 c5 4. Nd2 Nxd2 5. Qxd2 cxd4 6. Qxd4 Nc6 7. Qd2 g6 8. O-O-O Bg7 9. e4 Qb6 10. c3 d6 11. Nf3 Be6 12. Kb1 Qa5 13. c4 Qxd2 14. Nxd2 a5 15. f3 a4 16. Bd3 Nb4 17. Be2 a3 18. b3 f5 19. Nf1 f4 20. g4 Kf7 21.
Bg5 Be5 22. Nd2 Rhc8 23. Rc1 Nc6 24. h4 Nd4 25. Bd3 b5 26. h5 bxc4 27. hxg6+ Kxg6 28. Rh6+ Kxg5 29. Rch1 Bf7 30. Bxc4 Bg6 31. R6h3 Rab8 32. Kc1 Nxb3+ 33. axb3 a2 34. Kc2 a1=Q 35. Rxa1 Bxa1 36. Kd3 Be5 37. Nb1 Ra8 38. Bd5 Ra1 39. Nd2 Rc3+ 40.
Ke2 Ra2 0-1

[Event "Late-Titled-Tuesday-Blitz-August-29-2023"]
[Site "Chess.com"]
[Date "2023.08.29"]
[Round "3"]
[White "Jumbo"]
[Black "Athanasios2"]
[Result "1-0"]
[WhiteElo "2952"]
[BlackElo "2713"]
[TimeControl "180+1"]
[EndTime "14:26:24 PDT"]
[Termination "Jumbo won by resignation"]

1. Nf3 d5 2. e3 Nf6 3. c4 c6 4. Nc3 g6 5. d4 Bg7 6. Bd3 O-O 7. h3 Nbd7 8. O-O Re8 9. Qb3 dxc4 10.
Bxc4 e6 11. a4 Qe7 12. e4 b6 13. Bf4 Bb7 14. Rfe1 Nf8 15. a5 b5 16. a6 Bc8 17.
Bf1 N6d7 18. d5 Nc5 19. Qa3 cxd5 20. exd5 b4 21. Qxb4 Nfd7 22. Nb5 e5 23. d6 Qf6 24.
Bg5 Qf5 25. Nbd4 Nd3 26. Qc3 Nxe1 27. Nxf5 Nxf3+ 28. Qxf3 e4 29. Ne7+ 1-0

[Event "Late-Titled-Tuesday-Blitz-August-29-2023"]
[Site "Chess.com"]
[Date "2023.08.29"]
[Round "3"]
[White "guillembaches"]
[Black "Njal28"]
[Result "0-1"]
[WhiteElo "2452"]
[BlackElo "3016"]
[TimeControl "180+1"]
[EndTime "14:26:26 PDT"]
[Termination "Njal28 won on time"]

1. e4 c5 2. Nf3 d6 3. d4 cxd4 4.
Nxd4 Nf6 5. Nc3 a6 6. Be3 Ng4 7.
Bc1 Nf6 8. Be3 e5 9. Nb3 Be7 10. f3 Be6 11. Qd2 h5 12. Nd5 Bxd5 13. exd5 Nbd7 14.
O-O-O Qc7 15. Kb1 Nb6 16. Bxb6 Qxb6 17. g3 O-O 18. f4 Ne4 19. Qe2 Nf2 20. Bg2 Bf6 21.
Qxh5 g6 22. Qe2 exf4 23. gxf4 Rfe8 24. Qf3 Nxh1 25. Rxh1 Qe3 26. Qg4 Qf2 27. a3 Re2 0-1

[Event "Late-Titled-Tuesday-Blitz-August-29-2023"]
[Site "Chess.com"]
[Date "2023.08.29"]
[Round "3"]
[White "HrvojeZagreb"]
[Black "Bilan_Danila"]
[Result "0-1"]
[WhiteElo "2266"]
[BlackElo "2485"]
[TimeControl "180+1"]
[EndTime "14:26:26 PDT"]
[Termination "Bilan_Danila won by resignation"]

1. f4 d5 2. b3 Nf6 3. Bb2 c5 4. e3 Nc6 5. Bb5 Qb6 6. a4 a6 7. Bxc6+ Qxc6 8. Nf3 g6 9. Ne5 Qc7 10. O-O Bg7 11. d3 O-O 12. Nd2 Ng4 13. Nxg4 Bxb2 14.
Ra2 Bc3 15. Nb1 Bg7 16. c4 Be6 17. Rc2 dxc4 18. bxc4 Rfd8 19. Nf2 Qc6 20. Nc3 Bxc4 21. dxc4 Rxd1 22. Rxd1 Bxc3 23. Rxc3 Qxa4 24. h3 Qc6 25. Rd5 a5 26. g4 a4 27. Ra3 b5 28. Ne4 b4 29. Ra1 Qe6 30. Re5 Qxc4 31. Nxc5 b3 0-1

[Event "Late-Titled-Tuesday-Blitz-August-29-2023"]
[Site "Chess.com"]
[Date "2023.08.29"]
[Round "3"]
[White "Joshukid"]
[Black "rachidhuilda"]
[Result "1/2-1/2"]
[WhiteElo "2544"]
[BlackElo "2351"]
[TimeControl "180+1"]
[EndTime "14:26:28 PDT"]
[Termination "Game drawn by agreement"]

1. Nf3 d5 2. c4 c6 3. b3 Nf6 4. Bb2 Bf5 5. g3 e6 6. Bg2 Nbd7 7. O-O h6 8. Nc3 Be7 9. Re1 O-O 10. d3 Bh7 11. e4 dxe4 12. dxe4 Nc5 13. Ne5 Nfd7 14. Nxd7 Qxd7 15. Qxd7 Nxd7 16. Rad1 Rfd8 17.
Kf1 Nc5 18. Ke2 Kf8 19. f3 Ke8 20. Rxd8+ Rxd8 21. Rd1 Rxd1 22. Nxd1 f6 23. Bd4 e5 24. Be3 a6 25. Nc3 Bg8 26. f4 Ne6 27. f5 Nd4+ 28. Bxd4 exd4 29. Nd1 c5 30. Kd3 b5 31. Nf2 bxc4+ 32.
bxc4 Kd7 33. Nh3 Bd6 34. Nf4 Bxf4 35. gxf4 Kd6 36. Bf3 Bf7 37. Bd1 Be8 38. h4 Bd7 39. Bh5 Ba4 1/2-1/2

[Event "Late-Titled-Tuesday-Blitz-August-29-2023"]
[Site "Chess.com"]
[Date "2023.08.29"]
[Round "3"]
[White "tptagain"]
[Black "SaqoChess_Twitch"]
[Result "1-0"]
[WhiteElo "2891"]
[BlackElo "2630"]
[TimeControl "180+1"]
[EndTime "14:26:31 PDT"]
[Termination "tptagain won by resignation"]

1. Nf3 d5 2. e3 Nf6 3. c4 e6 4. Nc3 Be7 5. b3 O-O 6. Bb2 c5 7. cxd5 Nxd5 8. Qc2 h6 9. h4 Nc6 10. g4 f5 11. gxf5 Nxc3 12. Bxc3 Rxf5 13. Qe4 Qd5 14. Bd3 Qxe4 15. Bxe4 Rf8 16. Rg1 Bf6 17. Bxf6 Rxf6 18.
Rc1 Nb4 19. Ne5 Nxa2 20. Rxc5 Nb4 21. Rc7 g5 22. hxg5 hxg5 23. Rxg5+ Kf8 24. Rh5 Kg8 25.
Ng6 Rf7 26. Rxc8+ Rxc8 27. Rh8+ Kg7 28. Rxc8 a5 29. Ne5 Re7 30. f4 b5 31. Ra8 a4 32.
bxa4 bxa4 33. Rxa4 Nd5 34. Bxd5 exd5 35. Rd4 Kf6 36.
Rxd5 Kf5 37. Ke2 Rh7 38. Nf3+ 1-0

[Event "Late-Titled-Tuesday-Blitz-August-29-2023"]
[Site "Chess.com"]
[Date "2023.08.29"]
[Round "3"]
[White "rookoco"]
[Black "Firouzja2003"]
[Result "0-1"]
[WhiteElo "2688"]
[BlackElo "3100"]
[TimeControl "180+1"]
[EndTime "14:26:33 PDT"]
[Termination "Firouzja2003 won by checkmate"]

1. e4 c5 2. Nf3 d6 3. d4 cxd4 4. Nxd4 Nf6 5. Nc3 a6 6. Bd3 e5 7. Nde2 Be7 8. O-O O-O 9. f4 Nc6 10. Kh1 b5 11. a3 Bb7 12. Nd5 exf4 13. Nexf4 Ne5 14. Be3 Bxd5 15. exd5 Re8 16. Bd4 Bf8 17. a4 b4 18. a5 g6 19. Qd2 Bh6 20. Qf2 Bg7 21.
Ra4 Nfg4 22. Qg3 Nxd3 23. Qxd3 Qh4 24. h3 Re1 25. Ra1 Rxa1 26. Rxa1 Re8 27. Rf1 Re1 28. Kg1 Qg3 29. Qxg3 Bxd4+ 30. Kh1 Rxf1# 0-1

[Event "Late-Titled-Tuesday-Blitz-August-29-2023"]
[Site "Chess.com"]
[Date "2023.08.29"]
[Round "3"]
[White "leschebaza"]
[Black "Akhayan"]
[Result "0-1"]
[WhiteElo "2420"]
[BlackElo "2290"]
[TimeControl "180+1"]
[EndTime "14:26:35 PDT"]
[Termination "Akhayan won by resignation"]

1. d4 Nf6 2. Nf3 g6 3. c4 Bg7 4.
Nc3 d5 5. Bf4 O-O 6. e3 c5 7.
dxc5 Qa5 8. Nd2 dxc4 9. Bxc4 Qxc5 10. O-O Nc6 11. Rc1 Qa5 12. Nb3 Qb6 13. a3 Bg4 14.
Qc2 Rac8 15. h3 Bf5 16. e4 Be6 17. Bxe6 fxe6 18. Bh2 Nh5 19. Na4 Qd8 20. Nac5 Nd4 21. Qc4 Kh8 22. Rfd1 e5 23. Nxd4 exd4 24. Qd5 Qxd5 25.
exd5 Bh6 26. Be5+ Kg8 27. f4 Nxf4 28. Bxf4 Bxf4 29. Rc4 b5 30. Rc2 Be3+ 31. Kh1 d3 32. Rxd3 Bxc5 33. Rdc3 Rf1+ 34. Kh2 Bd6+ 35. g3 Rxc3 36.
Rxc3 Rf2+ 37. Kg1 Rxb2 38. Rb3 Rxb3 0-1

[Event "Late-Titled-Tuesday-Blitz-August-29-2023"]
[Site "Chess.com"]
[Date "2023.08.29"]
[Round "3"]
[White "Hoshka"]
[Black "misterlamine"]
[Result "0-1"]
[WhiteElo "1991"]
[BlackElo "2371"]
[TimeControl "180+1"]
[EndTime "14:26:36 PDT"]
[Termination "misterlamine won on time"]

1. d4 Nf6 2. c4 g6 3. g3 Bg7 4. Bg2 O-O 5. Nf3 d6 6. O-O Nbd7 7. Nc3 c5 8. e4 cxd4 9. Nxd4 Ne5 10. b3 Bd7 11.
Bb2 a6 12. h3 Nc6 13. Nde2 Rb8 14. Nf4 b5 15. cxb5 axb5 16. Qe2 b4 17. Ncd5 Ne5 18. Rfd1 Bb5 19. Qe3 Nxd5 20. Nxd5 Bc6 21. Bd4 Bxd5 22. exd5 Bf6 23. Rac1 Ra8 24. Rc2 Qa5 25. f4 Nd7 26.
Bxf6 exf6 27. Qe7 Rfd8 28. Qxd6 Kg7 29. Qe7 Nf8 30. Qe2 Re8 31. Qf2 Rad8 32. Kh2 h5 33.
Rcd2 h4 0-1

[Event "Late-Titled-Tuesday-Blitz-August-29-2023"]
[Site "Chess.com"]
[Date "2023.08.29"]
[Round "3"]
[White "Karttunen"]
[Black "Sjakkerntobi"]
[Result "0-1"]
[WhiteElo "2598"]
[BlackElo "2454"]
[TimeControl "180+1"]
[EndTime "14:26:39 PDT"]
[Termination "Sjakkerntobi won by checkmate"]

1. e4 e6 2. d4 d5 3. Nc3 Bb4 4. e5 Ne7 5. h4 c5 6. a3 Bxc3+ 7. bxc3 Qc7 8. h5 cxd4 9. cxd4 Qc3+ 10. Bd2 Qxd4 11.
Nf3 Qe4+ 12. Be2 Nf5 13. Kf1 b6 14. Bb5+ Nd7 15. Bd3 Qg4 16. Rb1 a5 17. Kg1 Ba6 18. Bxa6 Rxa6 19. Qe2 Ra8 20. h6 gxh6 21. Rh2 Rg8 22.
Kh1 Rc8 23. c3 Rc4 24. Rg1 h5 25. Rh3 Nc5 26. Qd1 Ne4 27. Be1 Nxc3 28. Qb3 Ne2 29. Nh2 Qe4 30. Nf3 Nxg1 31. Kxg1 Nd4 32. Qxb6 Nxf3+ 33. Rxf3 Qxe1+ 34. Kh2 Rh4+ 35. Rh3 Rxh3+ 36. Kxh3 Qh1# 0-1

[Event "Late-Titled-Tuesday-Blitz-August-29-2023"]
[Site "Chess.com"]
[Date "2023.08.29"]
[Round "3"]
[White "Mbneu"]
[Black "reevecanada"]
[Result "0-1"]
[WhiteElo "2258"]
[BlackElo "2533"]
[TimeControl "180+1"]
[EndTime "14:26:40 PDT"]
[Termination "reevecanada won on time"]

1. d4 d5 2. c4 c6 3. Nf3 Nf6 4. Nc3 dxc4 5. e4 b5 6. Be2 e6 7. O-O Bb4 8. e5 Nd5 9. Ne4 O-O 10. Bg5 Be7 11. Rb1 Bxg5 12. Nfxg5 h6 13. Nf3 Nd7 14.
Nd6 N7b6 15. Nd2 Ba6 16. N2e4 Na4 17. Bh5 f5 18. exf6 Nxf6 19. Bg4 Nxe4 20. Bxe6+ Kh8 21. Nxe4 Qe7 22. d5 cxd5 23. Bxd5 Rad8 24. Qh5 Nb6 25. Nc3 b4 26. Rbe1 Qc5 27. Re6 Rd6 0-1

[Event "Late-Titled-Tuesday-Blitz-August-29-2023"]
[Site "Chess.com"]
[Date "2023.08.29"]
[Round "3"]
[White "djano"]
[Black "Byniolus"]
[Result "0-1"]
[WhiteElo "2563"]
[BlackElo "2873"]
[TimeControl "180+1"]
[EndTime "14:26:41 PDT"]
[Termination "Byniolus won by resignation"]

1. d4 d6 2. e4 Nf6 3. Nc3 c6 4. Nge2 b5 5. a3 Nbd7 6. g3 e5 7. Bg2 Be7 8. O-O Bb7 9. h3 a5 10. dxe5 dxe5 11. a4 b4 12. Nb1 Nc5 13. Nd2 Ba6 14.
Re1 Qb6 15. g4 h5 16. Ng3 hxg4 17. hxg4 g6 18. b3 O-O-O 19. Qf3 Ne6 20. Nc4 Bxc4 21. bxc4 Nd4 22. Qd3 Nxg4 23. Be3 Bc5 24. Bg5 Nxf2 25. Bxd8 Rxd8 26. Qf1 Nxc2 27. Re2 Nxa1 28. Qxa1 Rd1+ 29. Qxd1 Nxd1+ 30. Kh2 0-1

[Event "Late-Titled-Tuesday-Blitz-August-29-2023"]
[Site "Chess.com"]
[Date "2023.08.29"]
[Round "3"]
[White "AryanTari"]
[Black "JoakimVonAnd"]
[Result "0-1"]
[WhiteElo "2919"]
[BlackElo "2720"]
[TimeControl "180+1"]
[EndTime "14:26:44 PDT"]
[Termination "JoakimVonAnd won by resignation"]

1. d4 d5 2. Nf3 Nf6 3. g3 Bf5 4. c4 c6 5. Nc3 e6 6. Nh4 Bg6 7. Qb3 Qb6 8. Nxg6 hxg6 9. c5 Qc7 10. Bf4 Qc8 11. Bg2 Nbd7 12. O-O Be7 13. h4 Bd8 14. e4 dxe4 15. Nxe4 Nxe4 16. Bxe4 Bc7 17. Bxc7 Qxc7 18. Rae1 Nf6 19. Bf3 O-O 20. Re5 Rad8 21. Qe3 Nd7 22. Rg5 e5 23. dxe5 Rfe8 24. Re1 f6 25. Qb3+ Kh8 26.
h5 fxg5 27. Kg2 Nxc5 28. Qc4 Rxe5 29. Rh1 Ne6 30. hxg6+ Kg8 31. Qg4 Rd2 32. Qh5 Kf8 33. Qh8+ Ke7 34. Qg8 Qb6 35. Qf7+ Kd6 36. Bg4 Nf4+ 0-1

[Event "Late-Titled-Tuesday-Blitz-August-29-2023"]
[Site "Chess.com"]
[Date "2023.08.29"]
[Round "3"]
[White "Dontmesswithme_2"]
[Black "Ajedrecista3000"]
[Result "0-1"]
[WhiteElo "2483"]
[BlackElo "2697"]
[TimeControl "180+1"]
[EndTime "14:26:45 PDT"]
[Termination "Ajedrecista3000 won by resignation"]

1. d4 Nf6 2. c4 g6 3. Nc3 d5 4.
cxd5 Nxd5 5. e4 Nxc3 6. bxc3 Bg7 7. Nf3 c5 8. Rb1 O-O 9. Be2 Bg4 10. Be3 Nc6 11. d5 Bxc3+ 12. Bd2 Bxd2+ 13. Qxd2 Bxf3 14. gxf3 Nd4 15. Rxb7 Rb8 16. Rxb8 Qxb8 17. O-O Qf4 18. Qd3 Rb8 19. Bd1 h5 20. Qe3 g5 21. Kg2 Rb2 22.
Qa3 Rd2 23. Re1 g4 24. fxg4 Qxf2+ 0-1

[Event "Late-Titled-Tuesday-Blitz-August-29-2023"]
[Site "Chess.com"]
[Date "2023.08.29"]
[Round "3"]
[White "Valeron87"]
[Black "Dhaydon19"]
[Result "0-1"]
[WhiteElo "2446"]
[BlackElo "2650"]
[TimeControl "180+1"]
[EndTime "14:26:52 PDT"]
[Termination "Dhaydon19 won by resignation"]

1. e4 c6 2. d4 d5 3. exd5 cxd5 4. Bd3 Nf6 5. c3 Nc6 6. Ne2 Bg4 7. O-O e6 8. Qe1 Bd6 9. f3 Bh5 10. Qh4 O-O 11. Nf4 Bg6 12. Nxg6 fxg6 13. Re1 Qd7 14.
Nd2 e5 15. dxe5 Nxe5 16. Bf1 Rae8 17. Nb3 Nh5 18. Be3 Rxf3 19. Nd4 Rff8 20. Nb5 Bb8 21. Rad1 Rxf1+ 22. Rxf1 Qxb5 23. Bd4 Qd7 24. Rde1 Nf6 25. Kh1 Ne4 26. Re3 Ng4 27. Rh3 h5 28. b3 Qd6 29. a4 Nd2 30. b4 Nxf1 0-1

[Event "Late-Titled-Tuesday-Blitz-August-29-2023"]
[Site "Chess.com"]
[Date "2023.08.29"]
[Round "3"]
[White "geordie_derraugh"]
[Black "Doudou2015"]
[Result "1-0"]
[WhiteElo "2412"]
[BlackElo "2177"]
[TimeControl "180+1"]
[EndTime "14:26:52 PDT"]
[Termination "geordie_derraugh won on time"]

1. e4 e5 2. Nf3 Nc6 3. d4 exd4 4. Bc4 Nf6 5. e5 d5 6. Bb5 Ne4 7. Nxd4 Bc5 8. Bxc6+ bxc6 9. O-O Ba6 10. Re1 Qh4 11. Be3 Bxd4 12. Qxd4 O-O 13. Nc3 c5 14. Qxd5 Nxc3 15. bxc3 Rfe8 16. Bxc5 Rad8 17.
Qc6 Bc8 18. Qxc7 Qg4 19. Bd4 Rd7 20. h3 Qf5 21. Qc4 Bb7 22. Re3 h5 23. Rae1 h4 24.
e6 1-0

[Event "Late-Titled-Tuesday-Blitz-August-29-2023"]
[Site "Chess.com"]
[Date "2023.08.29"]
[Round "3"]
[White "BillieKimbah"]
[Black "SchmakAttack"]
[Result "1-0"]
[WhiteElo "3044"]
[BlackElo "2776"]
[TimeControl "180+1"]
[EndTime "14:26:54 PDT"]
[Termination "BillieKimbah won by resignation"]

1. d4 Nf6 2. Nf3 d5 3. Bg5 Ne4 4. Bh4 c5 5. e3 Nc6 6. Nbd2 cxd4 7. exd4 Qb6 8. Bd3 Bf5 9. O-O e6 10. Re1 Nxd2 11. Qxd2 Bxd3 12. Qxd3 Rc8 13. c3 Bd6 14.
Re2 Ne7 15. Bg3 Bxg3 16. hxg3 O-O 17. g4 Qd6 18. g3 Rfe8 19. Kg2 Ng6 20. Rh1 f6 21.
Rh5 e5 22. dxe5 fxe5 23. Nxe5 Qe6 24. Re3 Nf8 25. Nf3 Qxg4 26. Qxd5+ Kh8 27. Ne5 Qxh5 28. Nf7+ Qxf7 29. Qxf7 Rxe3 30. fxe3 Ng6 31. Qxb7 Re8 32. Qxa7 h6 33. b4 Rxe3 34. Qxe3 1-0

[Event "Late-Titled-Tuesday-Blitz-August-29-2023"]
[Site "Chess.com"]
[Date "2023.08.29"]
[Round "3"]
[White "Sacbutt"]
[Black "crossingthestreet"]
[Result "0-1"]
[WhiteElo "2237"]
[BlackElo "2532"]
[TimeControl "180+1"]
[EndTime "14:26:54 PDT"]
[Termination "crossingthestreet won by checkmate"]

1. d4 a6 2. c4 b5 3. cxb5 axb5 4. e3 b4 5. Nf3 e6 6. Bd3 Nf6 7. O-O d5 8. Qe2 Bb7 9. Nbd2 Nbd7 10. a3 c5 11. b3 cxd4 12. exd4 bxa3 13. Ne5 Be7 14. f4 O-O 15. f5 Qb6 16. Ndf3 Nxe5 17. Qxe5 Ne4 18.
fxe6 fxe6 19. Qh5 Rxf3 20. Qxf3 Qxd4+ 21. Kh1 Rf8 22. Bf4 Nd2 23. Qh3 Rxf4 24. Qxh7+ Kf7 25. Rxf4+ Qxf4 26. Qg6+ Kf8 27. Rc1 Nf3 28. Rf1 Qxh2# 0-1

[Event "Late-Titled-Tuesday-Blitz-August-29-2023"]
[Site "Chess.com"]
[Date "2023.08.29"]
[Round "3"]
[White "bazar-wokzal"]
[Black "aqibjbutt"]
[Result "1-0"]
[WhiteElo "2574"]
[BlackElo "1990"]
[TimeControl "180+1"]
[EndTime "14:26:54 PDT"]
[Termination "bazar-wokzal won by resignation"]

1. e4 c6 2. d4 d5 3. f3 e6 4. Nc3 c5 5. Bb5+ Nc6 6. exd5 exd5 7.
Nge2 a6 8. Bxc6+ bxc6 9. O-O Be7 10. Be3 c4 11. b3 cxb3 12. axb3 Nf6 13. Nf4 O-O 14.
Nd3 Bd6 15. Qd2 Qc7 16. Bf4 Bxf4 17. Qxf4 Qxf4 18. Nxf4 Bf5 19. Ra2 Rfe8 20. Na4 g5 21.
g4 Bxg4 22. fxg4 gxf4 23. Rxf4 Kg7 24. Nc5 Re2 25. g5 Ne4 26. Nxe4 dxe4 27. Rf2 Re1+ 28. Kg2 Rd8 29. c3 Rd5 30. h4 c5 31. dxc5 Rxc5 32.
c4 a5 33. Rfe2 Rb1 34. Rab2 Rxb2 35. Rxb2 a4 36. bxa4 Rxc4 37. Ra2 f6 38. a5 fxg5 39. a6 Rc7 40. a7 1-0

[Event "Late-Titled-Tuesday-Blitz-August-29-2023"]
[Site "Chess.com"]
[Date "2023.08.29"]
[Round "3"]
[White "Karacsonyi_Gellert"]
[Black "ybothg"]
[Result "1-0"]
[WhiteElo "2848"]
[BlackElo "2500"]
[TimeControl "180+1"]
[EndTime "14:26:56 PDT"]
[Termination "Karacsonyi_Gellert won by resignation"]

1. e4 c5 2. Nf3 e6 3. d4 cxd4 4. Nxd4 Nf6 5. Nc3 Nc6 6. Ndb5 Bb4 7. a3 Bxc3+ 8. Nxc3 d5 9. exd5 exd5 10. Bd3 O-O 11. O-O d4 12. Ne2 Bg4 13. Bg5 Qd6 14. Qd2 Rfe8 15. Ng3 h6 16. Bxf6 Qxf6 17. Rae1 Ne5 18.
Ne4 Qb6 19. b3 Rac8 20. Qf4 Nxd3 21. cxd3 Be6 22. Nd6 Qxb3 23. Nxe8 Rxe8 24. Qxd4 Qxa3 25. Ra1 Qe7 26. Rxa7 Rd8 27. Qe4 Qd6 28. Qxb7 Bd5 29. Qe7 Qb6 30. Rd7 Rxd7 31. Qxd7 Qc5 32. h3 Kh7 33.
Qf5+ Kg8 34. Re1 Qc6 35. Qe5 Be6 36. Qe4 Qd6 37. Ra1 g6 38. d4 Bd5 39. Qe5 Qc6 40. Rb1 Be6 41. Rb8+ Bc8 42. Qc5 Qxc5 43. dxc5 1-0

[Event "Late-Titled-Tuesday-Blitz-August-29-2023"]
[Site "Chess.com"]
[Date "2023.08.29"]
[Round "3"]
[White "YEIKO2017"]
[Black "ftorodent"]
[Result "0-1"]
[WhiteElo "2469"]
[BlackElo "2686"]
[TimeControl "180+1"]
[EndTime "14:26:56 PDT"]
[Termination "ftorodent won by resignation"]

1. e4 c5 2. Nf3 e6 3. Nc3 a6 4. d4 cxd4 5. Nxd4 b5 6. Be2 Bb7 7. O-O Nc6 8. Nxc6 Bxc6 9. a3 d6 10.
f4 Nf6 11. Bf3 Qc7 12. e5 dxe5 13. fxe5 Nd7 14. Bf4 Bc5+ 15. Kh1 O-O 16. Ne4 Bxe4 17. Bxe4 Rad8 18. Qh5 g6 19. Qg5 Bd4 20. Rae1 Bxe5 21. h4 Bxf4 22. Rxf4 Qe5 23. Qg3 Qg7 24. h5 g5 25. Rf2 Nf6 26. Bf3 Rd4 27. Kg1 g4 28. Be2 Nxh5 29. Qh4 g3 0-1

[Event "Late-Titled-Tuesday-Blitz-August-29-2023"]
[Site "Chess.com"]
[Date "2023.08.29"]
[Round "3"]
[White "jcreyes69"]
[Black "PNEPaul"]
[Result "1-0"]
[WhiteElo "2364"]
[BlackElo "1881"]
[TimeControl "180+1"]
[EndTime "14:26:57 PDT"]
[Termination "jcreyes69 won by resignation"]

1. e4 e5 2. Nf3 Nc6 3. Bb5 f5 4. d3 Nf6 5. exf5 Be7 6. O-O O-O 7. Re1 d6 8. d4 e4 9. Ng5 Bxf5 10. d5 Ne5 11.
Nc3 a6 12. Bf1 h6 13. Ngxe4 Nxe4 14. Nxe4 Bxe4 15. Rxe4 Bf6 16. Qe1 Ng6 17. Bd3 Nh4 18. c3 Qd7 19. Be3 Rae8 20. Qe2 Rxe4 21. Bxe4 Re8 22. Qc2 Qg4 23. f3 Qh5 24. Bf2 Be5 25.
Bxh4 Qxh4 26. g3 Qg5 27. Rf1 Rf8 28. Kh1 Bf6 29. f4 Qh5 30. Bf3 Qe8 31. Qd2 Qb5 32. Re1 Re8 33. c4 Rxe1+ 34. Qxe1 Qxc4 35. Qe8+ Kh7 36. Be4+ 1-0

[Event "Late-Titled-Tuesday-Blitz-August-29-2023"]
[Site "Chess.com"]
[Date "2023.08.29"]
[Round "3"]
[White "NotFischer"]
[Black "effefe"]
[Result "0-1"]
[WhiteElo "2248"]
[BlackElo "2424"]
[TimeControl "180+1"]
[EndTime "14:27:00 PDT"]
[Termination "effefe won by resignation"]

1. e4 c5 2. Nf3 d6 3. d4 cxd4 4.
Nxd4 Nf6 5. Nc3 g6 6. Be2 Bg7 7.
Be3 O-O 8. O-O Nc6 9. h3 Bd7 10. Nb3 a5 11. a4 Rc8 12. f4 Nb4 13. Bf3 Bc6 14. Nd4 Nd7 15. Nxc6 Rxc6 16. e5 dxe5 17. Bxc6 Nxc6 18. f5 Nd4 19. fxg6 hxg6 20. Nb5 Nf5 21. Bf2 e4 22. Qg4 e3 23. Be1 Ne5 24. Qe4 Qb6 25.
Kh2 Rc8 26. Rd1 Rc4 27. Qd5 Rxc2 28. Qd8+ Qxd8 29. Rxd8+ Kh7 30. Bxa5 Nc6 31. Bb6 Be5+ 32. Kg1 Nxd8 33. Bxd8 e2 34. Re1 Bg3 0-1